 Dungeon Crawl Stone Soup version 0.29-a0-323-g050149af67 (webtiles) character file.

Game seed: 12130128351495388289

168 jmlagarto the Bolt Thrower (level 5, -6/32 HPs)
             Began as a Kobold Hunter on Apr 10, 2022.
             Shot with an arrow by a centaur (13 damage)
             ... on level 4 of the Dungeon on Apr 11, 2022.
             The game lasted 00:03:32 (2759 turns).

jmlagarto the Bolt Thrower (Kobold Hunter)          Turns: 2759, Time: 00:03:32

Health: -6/32      AC:  3    Str:  9    XL:     5   Next: 77%
Magic:  5/5        EV: 16    Int: 10    God:
Gold:   85         SH:  0    Dex: 20    Spells: 4/4 levels left

rFire   . . .      SeeInvis .   a - +1 hand crossbow
rCold   . . .      Faith    .   (no shield)
rNeg    . . .      Spirit   .   b - +0 leather armour
rPois   .          Reflect  .   (no helmet)
rElec   .          Harm     .   (no cloak)
rCorr   .          Rampage  .   (no gloves)
Will    .....                   (no boots)
Stlth   ++++......              (no amulet)
HPRegen 0.10/turn               (no ring)
MPRegen 0.09/turn               (no ring)

@: no status effects
A: small, no large weapons, nightstalker 3
a: no special abilities


You were on level 4 of the Dungeon.
You visited 1 branch of the dungeon, and saw 4 of its levels.

You collected 94 gold pieces.
You donated 9 gold pieces to Zin.

Inventory:

Hand Weapons
 a - a +1 hand crossbow (weapon)
Armour
 b - a +0 leather armour (worn)
Jewellery
 i - a +4 ring of evasion
 o - a ring of willpower
Wands
 u - a wand of polymorph (8)
Scrolls
 c - 3 scrolls of immolation
 d - 5 scrolls of identify {unknown}
 e - a scroll of noise {unknown}
 f - a scroll of silence {unknown}
 h - a scroll of amnesia {unknown}
 j - a scroll of fog {unknown}
 k - a scroll of holy word {unknown}
 l - a scroll of torment {unknown}
 m - a scroll of enchant weapon {unknown}
 n - a scroll of teleportation {unknown}
Potions
 g - a potion of lignification {unknown}
 p - 2 potions of mutation {unknown}
 q - a potion of curing {unknown}
 r - a potion of attraction {unknown}
 s - a potion of might {unknown}
 t - a potion of heal wounds {unknown}


   Skills:
 + Level 3.5 Fighting
 + Level 6.3 Crossbows
 + Level 3.8 Dodging
 + Level 3.8 Stealth


You had 4 spell levels left.
You didn't know any spells.
Your spell library contained the following spells:

 Spells                   Type           Power      Damage    Failure   Level
 Animate Skeleton         Necr           0%         N/A       47%         1
 Apportation              Tloc           0%         N/A       47%         1
 Summon Small Mammal      Summ           0%         N/A       47%         1
 Ignite Poison            Fire/Tmut/Pois 0%         N/A       85%         3
 Mephitic Cloud           Conj/Pois/Air  0%         N/A       85%         3
 Freezing Cloud           Conj/Ice/Air   0%         6-21      100%        5


Dungeon Overview and Level Annotations

Branches:
Dungeon (4/15)
 Temple: D:4-7

Altars:
Zin


Innate Abilities, Weirdness & Mutations

You are small and have problems with some larger weapons.
You are completely attuned to the shadows.


Message History

The phantom hits you.
The phantom blinks!
You blink.
The phantom barely misses you.
You shoot a bolt. The bolt hits the phantom!
You destroy the phantom!
No target in view!
No target in view!
You can no longer call upon Zin for vitalisation.
HP restored.
Done exploring.
No target in view!
Done exploring.
You can't go up here!
Really renounce your faith, foregoing its fabulous benefits?
Are you sure?
You have lost your religion!
Done exploring.
Saving game... please wait.
Welcome back, jmlagarto the Kobold Hunter.
Press ? for a list of commands and other information.
Done exploring.
Done exploring.
Search for what [? for help]? .
Unknown command.
(D) Dungeon
Where to? (? - help)
There is a stone staircase leading down here.
You climb downwards.
The ogre hits you with a +0 giant club!!
Ouch! That really hurt!
* * * LOW HITPOINT WARNING * * *
There is a stone staircase leading up, spattered with blood here.
The ogre attacks as you move away! The ogre misses you.
The centaur wields a +0 shortbow.
The centaur shoots an arrow.
The arrow hits you.
* * * LOW HITPOINT WARNING * * *
The centaur shoots an arrow.
The arrow closely misses you.
You see here a hobgoblin corpse.
The ogre attacks as you move away! The ogre closely misses you.
The centaur shoots an arrow.
The arrow hits you!
You die...

.....#..##.####
..>#.#..##.#
##.#.#..##<# ####
##.#.#..##.#
....##....#...c.#
#<..#..#.###.#
##.###.#c# #...
#...#..#.# #.###
...#@.O##.###.#
#........c.....
....##.###.....
### #.# ######
#.# ..#


You could see an ogre and a centaur.

Vanquished Creatures
  A phantom (D:3)
  3 gnolls (D:2)
  An adder (D:2)
  8 ball pythons
  5 endoplasms
  2 giant cockroaches (D:2)
  6 goblins
  4 hobgoblins
  2 jackals (D:1)
  3 quokkas (D:2)
  5 bats
  2 frilled lizards
  9 kobolds
  6 rats
57 creatures vanquished.

Notes
Turn   | Place    | Note
-------+----------+-------------------------------------------
     0 | D:1      | jmlagarto the Kobold Hunter began the quest for the Orb.
     0 | D:1      | Reached XP level 1. HP: 12/12 MP: 1/1
   483 | D:1      | Reached XP level 2. HP: 18/18 MP: 2/2
  1096 | D:2      | Reached XP level 3. HP: 22/22 MP: 3/3
  1212 | D:2      | Reached XP level 4. HP: 25/27 MP: 4/4
  1272 | D:2      | Found a faded altar of an unknown god.
  1387 | D:2      | Prayed at the altar of an unknown god.
  1387 | D:2      | Became a worshipper of Zin the Law-Giver
  1387 | D:2      | Reached * piety under Zin
  2011 | D:3      | Reached skill level 6 in Crossbows
  2541 | D:3      | Reached ** piety under Zin
  2671 | D:4      | Noticed a phantom
  2673 | D:4      | Noticed a centaur
  2674 | D:4      | Reached XP level 5. HP: 28/32 MP: 5/5
  2674 | D:4      | Noticed an ogre
  2679 | D:3      | Killed a phantom
  2739 | D:3      | Fell from the grace of Zin
  2759 | D:4      | Shot with an arrow by a centaur

Illustrated notes

Levels and vault maps discovered:
D:1:      dpeg_arrival_leaves_temple_mockup, layout_loops_ring,
          roderic_serpentine_path
D:2:      minmay_spotlight, layout_loops_cross,
          dreamdust_ecumenical_altar_statues
D:3:      layout_basic
D:4:      layout_loops_ring, minmay_starry_boxes

Skill      XL: |  1  2  3  4 |
---------------+-------------+-----
Stealth        | 2 3 |  3.8
Dodging        | 3 |  3.8
Fighting       | 3 |  3.5
Crossbows      | 6 |  6.3

Action                   |  1- 3 |  4- 6 || total
-------------------------+-------+-------++-------
 Fire: Hand crossbow     |    39 |    66 ||   105
Invok: Renounce Religion |       |     1 ||     1
Armor: Leather armour    |     1 |     2 ||     3
Dodge: Dodged            |    10 |    32 ||    42

Table legend: (Time is in decaauts)
 A = Elapsed time spent in this place.
 B = Non-inter-level travel time spent in this place.
 C = Inter-level travel time spent in this place.
 D = Time resting spent in this place.
 E = Time spent auto-exploring this place.
 F = Levels seen in this place.
 G = Mean time per level.
                   A        B        C        D        E       F      G
               +--------+--------+--------+--------+--------+-----+--------+
         Total |   2788 |   2667 |    121 |      0 |   2393 |   4 |  697.0 |
       Dungeon |   2788 |   2667 |    121 |      0 |   2393 |   4 |  697.0 |
               +--------+--------+--------+--------+--------+-----+--------+

Top non-repeatable levels by time:
     D:2: 1142 daAuts
     D:1: 887 daAuts
     D:3: 705 daAuts
     D:4: 52 daAuts
